 Dungeon Crawl Stone Soup version 0.28-a0-124-g73ec313a74 (webtiles) character file.

Game seed: 2326106195482520695

4578 Ezendos the Fighter (level 10, -7/114 HPs)
             Began as an Ogre Brigand on Aug 14, 2021.
             Was a Follower of Fedhas.
             Mangled by a two-headed ogre (20 damage)
             ... on level 5 of the Dungeon.
             The game lasted 00:31:32 (18936 turns).

Ezendos the Fighter (Ogre Brigand)                 Turns: 18936, Time: 00:31:32

Health: -7/114     AC:  4    Str: 17    XL:     10   Next: 41%
Magic:  11/11      EV: 11    Int: 15    God:    Fedhas [*.....]
Gold:   371        SH:  0    Dex: 10    Spells: 9/9 levels left

rFire   . . .      SeeInvis .   v - +5 dire flail (protect)
rCold   . . .      Faith    .   (shield currently unavailable)
rNeg    . . .      Spirit   .   b - +0 robe
rPois   .          Reflect  .   (helmet restricted)
rElec   .          Harm     .   t - +0 cloak {rCorr}
rCorr   +          Rampage  .   (gloves unavailable)
Will    ++...                   (boots unavailable)
Stlth   ++........              (no amulet)
HPRegen 0.29/turn               o - ring of willpower
MPRegen 0.12/turn               F - ring of resist corrosion

@: no status effects
A: large, unfitting armour, tough skin 1
a: Renounce Religion


You were on level 5 of the Dungeon.
You worshipped Fedhas.
Fedhas was aware of your devotion.
You visited 2 branches of the dungeon, and saw 9 of its levels.

You collected 434 gold pieces.
You spent 63 gold pieces at shops.

Inventory:

Hand Weapons
 a - a +1 spear of venom
 q - a +1 whip of electrocution
 v - a +5 dire flail of protection (weapon)
Missiles
 d - 21 poisoned darts (quivered)
 e - 2 curare-tipped darts
 p - 6 boomerangs
Armour
 b - a +0 robe (worn)
 k - a scarf of shadows
 t - a +0 cloak of preservation (worn)
Jewellery
 o - a ring of willpower (left hand)
 y - a ring of flight
 A - a ring of ice
 F - a ring of resist corrosion (right hand)
Wands
 c - a wand of charming (7)
 g - a wand of iceblast (12)
 r - a wand of flame (17)
 w - a wand of acid (6)
 D - a wand of paralysis (8)
Scrolls
 h - 4 scrolls of enchant weapon
 i - a scroll of immolation {unknown}
 j - a scroll of summoning
 m - a scroll of enchant armour {unknown}
 n - a scroll of acquirement {unknown}
 u - a scroll of fear {unknown}
 x - a scroll of amnesia
 C - a scroll of noise {unknown}
Potions
 f - a potion of lignification
 l - 2 potions of flight
 s - a potion of curing
 z - a potion of mutation
 B - a potion of magic


   Skills:
 + Level 11.6 Fighting
 - Level 1.7 Short Blades
 + Level 6.7 Polearms
 * Level 5.2 Throwing
 + Level 4.1 Armour
 - Level 6.0 Dodging
 - Level 3.0 Stealth
 + Level 1.5 Invocations


You had 9 spell levels left.
You didn't know any spells.
Your spell library contained the following spells:

 Spells                   Type           Power      Damage    Failure   Level
 Summon Small Mammal      Summ           0%         N/A       26%         1
 Call Canine Familiar     Summ           0%         N/A       63%         3
 Ignite Poison            Fire/Tmut/Pois 0%         N/A       63%         3
 Mephitic Cloud           Conj/Pois/Air  0%         N/A       63%         3
 Summon Guardian Golem    Hex/Summ       0%         N/A       63%         3
 Bolt of Magma            Conj/Fire/Erth 0%         4d4       100%        5


Dungeon Overview and Level Annotations

Branches:
Dungeon (8/15)             Temple (1/1) D:7
   Lair: D:8-11

Altars:
Fedhas
Kikubaaqudgha
Makhleb
Okawaru
Trog
Vehumet
Xom
Beogh

Shops:
D:2 ([([*   D:3 ?

Annotations:
D:3 Grinder
D:4 2 transporters, Sigmund; night's ghost, novice BaCj
D:6 exclusion: two-headed ogre
D:7 3 runed translucent doors, sn0wgr3's ghost, novice GrCK


Innate Abilities, Weirdness & Mutations

You are too large for most types of armour.
You have tough skin. (AC +1)


Message History

You climb upwards.
The troll bites you! The troll completely misses you.
The troll closely misses you.
There is a stone staircase leading down, spattered with blood here.
Unknown command.
The two-headed ogre hits you with a +0 giant club!!
The two-headed ogre hits you with a +0 giant club!
The troll bites you! The troll claws you! x2
The troll bites you! The troll claws you but does no damage.
The troll closely misses you.
You see here a +0 giant spiked club.
Aiming: Paralyse
Press: ? - help, Shift-Dir - straight line, f - two-headed ogre
Aim: a two-headed ogre, wielding two +0 giant clubs (chance to affect: 28%)
Okay, then.
Aiming: Charm
Press: ? - help, Shift-Dir - straight line, f - two-headed ogre
Aim: a two-headed ogre, wielding two +0 giant clubs (chance to affect: 28%)
Okay, then.
Aiming: Corrosive Bolt
Press: ? - help, Shift-Dir - straight line, f - two-headed ogre
Aim: a two-headed ogre, wielding two +0 giant clubs (86% to hit)
Okay, then.
Okay, then.
You see here a +0 leather armour.
Things that are here:
9 arrows; a +0 shortbow
There is a stone staircase leading up here.
You see here a +0 leather armour.
Things that are here:
9 arrows; a +0 shortbow
There is a stone staircase leading up here.
As you read the scroll labelled WOUCWI IHAPH, it crumbles to dust.
Wisps of shadow whirl around you...
It was a scroll of summoning.
The two-headed ogre hits you with a +0 giant club!!
The two-headed ogre hits you with a +0 giant club.
The two-headed ogre hits you with a +0 giant club!!
* * * LOW HITPOINT WARNING * * *
The two-headed ogre hits you with a +0 giant club!!
You die...
Fedhas appreciates your contribution to the ecosystem.

....# #...#....### ....####
####...#......# .......#
#......#<..#..# ###....#
#.##.#.#o..#..#
...>...####.##...o......#
.............)o..#.#.##.######
....#######.###o..o..........#
###.# #.###.O.T...#.###.## #
#.# #.##.Z@[....#.# #.# #
#.#######.##.######.#.###.## #
#.........##...<..#.#......# #
#.........#####.#.#.########
###...............#.#.##
.##.........#.##....(..#####
.##.......#.#.###.####.....#
..#.......#.T...........##.#
#.#.......#.#.########..##.#


You could see a two-headed ogre (ally target), a troll (ally target), a friendly
orc wizard (summoned), 4 friendly orcs and a friendly centaur skeleton
(summoned).

Vanquished Creatures
  Pikel (D:7)
  Joseph (D:7)
  A wyvern (D:7)
  A yak (D:6)
  Edmund (D:4)
  2 water moccasins
  2 black bears
  3 orc warriors
  A sky beast (D:5)
  3 ogres
  A hornet zombie (D:7)
  2 centaurs (D:5)
  2 phantoms
  2 kobold brigands
  A gnoll sergeant (D:3)
  3 bullfrogs
  A water moccasin zombie (D:5)
  3 scorpions
  3 howler monkeys
  A lava snake (D:7)
  4 hounds
  Crazy Yiuf (D:3)
  3 centaur zombies
  A gnoll shaman (D:4)
  5 orc priests
  2 jellies
  A bullfrog skeleton (D:5)
  4 iguanas
  Ijyb (D:4)
  2 orc wizards
  A killer bee zombie (D:5)
  Robin (D:3)
  25 gnolls
  6 adders
  A shadow imp (D:5)
  A white imp (D:7)
  An ufetubus (D:5)
  3 worms
  A dart slug (D:1)
  26 orcs
  2 bats (D:1)
  7 endoplasms
  2 giant cockroaches
  14 goblins
  10 hobgoblins
  23 jackals
  8 quokkas
  7 ball pythons
  2 frilled lizards
  24 kobolds
  5 rats
229 creatures vanquished.

Vanquished Creatures (others)
  An orc (D:7)
  43 fungi (D:8)
  69 plants
113 creatures vanquished.

Grand Total: 342 creatures vanquished

Notes
Turn   | Place    | Note
-------+----------+-------------------------------------------
     0 | D:1      | Ezendos the Ogre Brigand began the quest for the Orb.
     0 | D:1      | Reached XP level 1. HP: 22/22 MP: 1/1
    21 | D:1      | Reached skill level 3 in Fighting
    85 | D:1      | Reached XP level 2. HP: 32/32 MP: 2/2
   127 | D:1      | Reached skill level 4 in Fighting
   608 | D:1      | Reached XP level 3. HP: 39/40 MP: 3/3
   855 | D:1      | Found a faded altar of an unknown god.
   899 | D:2      | Found Yghuqon's Antique Weapon Shoppe.
   963 | D:2      | Found Bujurimyt's Weapon Emporium.
  1035 | D:1      | Reached skill level 5 in Fighting
  1607 | D:2      | Found Taenaus's Armour Boutique.
  1759 | D:2      | Reached XP level 4. HP: 17/50 MP: 4/4
  2062 | D:2      | Found Zipsac's Armour Boutique.
  2089 | D:2      | Found Alafage's General Store.
  2097 | D:2      | Bought a scroll of teleportation for 39 gold pieces
  2644 | D:3      | Noticed Grinder
  2754 | D:3      | Reached skill level 1 in Dodging
  2791 | D:3      | Found Ikeeps's Magic Scroll Emporium.
  3368 | D:3      | Reached skill level 6 in Fighting
  3530 | D:3      | Found a runed translucent door.
  3531 | D:3      | Noticed Crazy Yiuf
  3616 | D:3      | Found a radiant altar of Vehumet.
  4418 | D:3      | Noticed Robin
  4532 | D:2      | Reached skill level 1 in Polearms
  4607 | D:2      | Reached XP level 5. HP: 30/57 MP: 5/5
  5290 | D:3      | Killed Robin
  5522 | D:2      | Reached XP level 6. HP: 25/68 MP: 6/6
  6084 | D:3      | Bought a scroll of identify for 24 gold pieces
  7188 | D:3      | Found a burning altar of Makhleb.
  7576 | D:3      | Reached XP level 7. HP: 44/76 MP: 7/7
  7581 | D:3      | Reached skill level 7 in Fighting
  8440 | D:3      | Killed Crazy Yiuf
  8698 | D:4      | Noticed Sigmund
  9226 | D:4      | Found a transporter.
  9259 | D:4      | Identified the +8 spear "Wegekag" {elec, rPois rC+ Str-3
                  | Dex+3}
  9335 | D:4      | Found a transporter.
  9488 | D:4      | Noticed Ijyb
  9532 | D:4      | Killed Ijyb
  9533 | D:4      | Reached skill level 1 in Armour
  9604 | D:4      | Reached XP level 8. HP: 82/88 MP: 8/8
  9641 | D:4      | Reached skill level 8 in Fighting
  9904 | D:4      | Noticed night's ghost (novice BaCj)
 10494 | D:5      | Entered Level 5 of the Dungeon
 10499 | D:5      | Noticed Edmund
 10533 | D:4      | Killed Edmund
 10924 | D:5      | Reached skill level 5 in Polearms
 11511 | D:5      | Reached skill level 9 in Fighting
 11912 | D:5      | Reached skill level 5 in Dodging
 12160 | D:5      | Reached XP level 9. HP: 47/100 MP: 9/9
 12674 | D:5      | Found a shimmering altar of Xom.
 12699 | D:5      | Found a bloodstained altar of Trog.
 12702 | D:5      | Found an ancient bone altar of Kikubaaqudgha.
 12703 | D:5      | Found a blossoming altar of Fedhas.
 12709 | D:5      | Became a worshipper of Fedhas Madash
 13086 | D:6      | Reached skill level 10 in Fighting
 13480 | D:6      | Noticed a two-headed ogre
 13507 | D:6      | Noticed a troll
 14640 | D:7      | Noticed Pikel
 14657 | D:7      | Killed Pikel
 14801 | D:7      | Noticed Joseph
 15663 | D:7      | Killed Joseph
 15664 | D:7      | Reached skill level 11 in Fighting
 15664 | D:7      | Reached XP level 10. HP: 54/114 MP: 10/10
 15957 | D:7      | Found a runed translucent gate.
 15958 | D:7      | Found a runed translucent gate.
 15959 | D:7      | Found a runed translucent gate.
 15959 | D:7      | Noticed sn0wgr3's ghost (novice GrCK)
 16015 | D:7      | Found a staircase to the Ecumenical Temple.
 16582 | D:7      | Found an iron altar of Okawaru.
 16903 | D:8      | Reached * piety under Fedhas
 17689 | D:6      | Noticed a two-headed ogre
 17981 | D:8      | Reached skill level 1 in Invocations
 18245 | D:8      | Reached skill level 5 in Throwing
 18546 | Temple   | Entered the Ecumenical Temple
 18936 | D:5      | Mangled by a two-headed ogre

Illustrated notes

Levels and vault maps discovered:
D:1:      dpeg_arrival_stone_temple_mockup, layout_loops_cross,
          shapermc_ecumenical_altar_mp_vishouse, chequers_mini_garden
D:2:      cheibrodos_helix_gallery, layout_loops_ring, serial_shops, shop, shop,
          nicolae_shop_temple_entry_statues_fountains, nicolae_shop_stone,
          nicolae_diamond_shop
D:3:      lemuel_castle_with_subvaults [lemuel_castle_interior_carwin_1],
          layout_basic, lightli_temple_of_fire, vehumet_crystals, serial_shops,
          shop, uniq_grinder, uniq_robin, uniq_crazy_yiuf_cottage
D:4:      layout_basic, gammafunk_ghost_gnarly_gnolls, uniq_sigmund, uniq_ijyb
D:5:      layout_basic, minitemple, uniq_edmund
D:6:      minmay_cornered_nines, layout_loops_ring
D:7:      layout_loops_ring, lemuel_coloured_pillars_altar, temple_pool_b,
          biasface_ghost_orc_armoury, amethyst_killhole,
          kennysheep_cross_bottleneck, roderic_three_in_a_row, uniq_pikel,
          uniq_joseph
D:8:      layout_loops_cross, due_lair_maze_entry_diamond,
          hangedman_decor_growths
Temple:   regret_index_temple_generic_petals

Skill      XL: |  1  2  3  4  5  6  7  8  9 10 |
---------------+-------------------------------+-----
Stealth        | 3 |  3.0
Fighting       | 3 4 5 6 7 9 11 | 11.6
Dodging        | 1 2 3 5 6 |  6.0
Polearms       | 1 2 3 4 5 6 |  6.7
Armour         | 1 2 3 4 |  4.1
Throwing       | 4 5 |  5.2
Invocations    | 1 |  1.5
Short Blades   | |  1.7

Action                   |  1- 3 |  4- 6 |  7- 9 | 10-12 || total
-------------------------+-------+-------+-------+-------++-------
Melee: Dagger            |   157 |    11 |       |       ||   168
       Spear             |       |   395 |   222 |    39 ||   656
       Whip              |       |       |   121 |     3 ||   124
       Quarterstaff      |       |       |    11 |       ||    11
       Dire flail        |       |       |    54 |    68 ||   122
Throw: Dart              |       |       |     9 |     1 ||    10
  Use: Scroll            |       |     5 |     4 |     1 ||    10
       Potion            |       |     3 |       |     2 ||     5
 Stab: Sleeping          |     9 |     2 |     6 |     1 ||    18
       Distracted        |       |     2 |     1 |       ||     3
       Invisible         |       |       |     2 |       ||     2
Armor: Robe              |    45 |   104 |    85 |    36 ||   270
Dodge: Dodged            |    65 |   175 |   215 |    78 ||   533

Table legend: (Time is in decaauts)
 A = Elapsed time spent in this place.
 B = Non-inter-level travel time spent in this place.
 C = Inter-level travel time spent in this place.
 D = Time resting spent in this place.
 E = Time spent auto-exploring this place.
 F = Levels seen in this place.
 G = Mean time per level.
                   A        B        C        D        E       F      G
               +--------+--------+--------+--------+--------+-----+--------+
         Total |  18974 |  18109 |    865 |   6442 |   8259 |   9 | 2108.2 |
       Dungeon |  18972 |  18107 |    865 |   6442 |   8259 |   8 | 2371.5 |
        Temple |      1 |      1 |      0 |      0 |      0 |   1 |    1.0 |
               +--------+--------+--------+--------+--------+-----+--------+

Top non-repeatable levels by time:
     D:3: 4119 daAuts
     D:6: 2774 daAuts
     D:4: 2654 daAuts
     D:2: 2437 daAuts
     D:1: 2194 daAuts
     D:5: 2101 daAuts
     D:7: 2086 daAuts
     D:8: 604 daAuts
  Temple: 1 daAuts
